 Dungeon Crawl Stone Soup version 0.27.0-1-g7a089689b8 (webtiles) character file.

Game seed: 9250174177696313096

79597 hilljack the Protected (level 15, -1/112 HPs)
             Began as a Gargoyle Fighter on Aug 8, 2021.
             Was a Priest of Ru.
             Slain by a warg (3 damage)
             ... led by an orc warlord
             ... while paralysed by an orc sorcerer
             ... on level 1 of the Orcish Mines.
             The game lasted 00:49:13 (21940 turns).

hilljack the Protected (Gargoyle Fighter)          Turns: 21940, Time: 00:49:14

Health: -1/112     AC: 34    Str: 22    XL:     15   Next: 64%
Magic:  13/13      EV:  2    Int:  7    God:    Ru [***...]
Gold:   1310       SH:  0    Dex: 13    Spells: 14/14 levels left

rFire    x . .     SeeInvis +   C - +4 morningstar (vorpal)
rCold    + + .     Faith    .   c - +0 kite shield
rNeg     + . .     Spirit   .   J - +0 ice dragon scales
rPois    ∞         Reflect  .   d - +0 helmet
rElec    +         Harm     .   t - +0 cloak
rCorr    .         Rampage  ∞   F - +0 pair of gloves
Will     +....                  a - +3 pair of seven-league boots {Rampage+∞}
Stlth    ..........             k - amulet of Vitality {Regen+ HP+15}
HPRegen  1.28/turn              H - +4 ring of evasion
MPRegen  0.13/turn              e - ring of see invisible

@: paralysed, flying
A: sickness immunity, AC +11, big wings, dopey 1, low mp 1, negative energy
resistance 1, screaming 1, electricity resistance, torment resistance 1,
petrification resistance, no stealth, unskilled 1
a: Renounce Religion, Draw Out Power


You were on level 1 of the Orcish Mines.
You worshipped Ru.
Ru was most pleased with you.
You visited 4 branches of the dungeon, and saw 23 of its levels.
You also visited: Ossuary and Ice Cave.

You collected 1471 gold pieces.
You spent 161 gold pieces at shops.

Inventory:

Hand Weapons
 B - a +0 hand crossbow
 C - a +4 vorpal morningstar (weapon)
 K - the +7 quarterstaff of Turmoil {vorpal, rElec rF++ Int+2}
   (You found it on level 9 of the Dungeon)

   It inflicts extra damage upon your enemies.
   Int:       It affects your intelligence (+2).
   rF:        It greatly protects you from fire.
   rElec:     It insulates you from electricity.
Missiles
 b - 7 datura-tipped darts
 h - 73 poisoned darts
Armour
 a - the +3 pair of seven-league boots (worn) {Rampage+∞}
   (You found it on level 3 of the Lair of Beasts)

   Its wearer moves as far as possible in that direction when moving towards
   enemies.
 c - a +0 kite shield (worn)
 d - a +0 helmet (worn)
 t - a +0 cloak (worn)
 E - the +5 chain mail of Vafupny {rF++ Str+2 Dex-3 SInv}
   (You found it on level 5 of the Lair of Beasts)

   Str:       It affects your strength (+2).
   Dex:       It affects your dexterity (-3).
   rF:        It greatly protects you from fire.
   SInv:      It lets you see invisible.
 F - a +0 pair of gloves (worn)
 J - +0 ice dragon scales (worn)
Jewellery
 e - a ring of see invisible (right hand)
 k - the amulet of Vitality (around neck) {Regen+ HP+15}
   (You took it off an orc wizard on level 5 of the Dungeon)

   [amulet of regeneration]

   HP:        It affects your health (+15).
   Regen:     It increases your rate of health regeneration.
 n - a ring of resist corrosion
 u - a ring of ice
 y - a ring of fire
 D - a ring of ice
 H - a +4 ring of evasion (left hand)
 I - a ring of willpower
 N - a +6 ring of dexterity
Wands
 p - a wand of polymorph (7)
 r - a wand of flame (17)
 s - a wand of digging (14)
 v - a wand of mindburst (14)
 L - a wand of paralysis (14) (quivered)
Scrolls
 g - 4 scrolls of teleportation
 j - a scroll of torment
 m - a scroll of blinking
 A - a scroll of silence
 G - 4 scrolls of amnesia
 M - 3 scrolls of identify
 O - a scroll of enchant armour
Potions
 f - a potion of ambrosia
 i - a potion of lignification
 l - 14 potions of curing
 o - 7 potions of brilliance
 q - 2 potions of cancellation
 x - a potion of heal wounds
 z - 2 potions of magic
 P - a potion of might


   Skills:
 + Level 12.6 Fighting
 + Level 11.5 Maces & Flails
 + Level 12.6 Armour
 + Level 9.6 Dodging
 + Level 12.6 Shields


You had 14 spell levels left.
You didn't know any spells.
Your spell library contained the following spells:

 Spells                   Type           Power      Damage    Failure   Level
 Freeze                   Ice            0%         1d3       83%         1
 Shock                    Conj/Air       0%         1d3       83%         1
 Slow                     Hex            0%         N/A       93%         2
 Wereblood                Tmut           0%         N/A       93%         2
 Confusing Touch          Hex            0%         N/A       99%         3
 Frozen Ramparts          Ice            0%         1d2       99%         3
 Ignite Poison            Fire/Tmut/Pois 0%         N/A       99%         3
 Mephitic Cloud           Conj/Pois/Air  0%         N/A       99%         3
 Swiftness                Air            0%         N/A       99%         3
 Airstrike                Air            0%         N/A       100%        4
 Animate Armour           Summ/Erth      0%         N/A       100%        4
 Animate Dead             Necr           0%         N/A       100%        4
 Hailstorm                Conj/Ice       0%         3d3       100%        4
 Blade Hands              Tmut           0%         N/A       100%        5
 Bolt of Magma            Conj/Fire/Erth 0%         4d4       100%        5
 Borgnjor's Vile Clutch   Necr/Erth      0%         N/A       100%        5
 Summon Forest            Summ/Tloc      0%         N/A       100%        5
 Summon Mana Viper        Hex/Summ       0%         N/A       100%        5
 Yara's Violent Unravell  Hex/Tmut       0%         3d3       100%        5
 Death Channel            Necr           0%         N/A       100%        6
 Iron Shot                Conj/Erth      0%         9d1       100%        6
 Shadow Creatures         Summ           N/A        N/A       100%        6
 Summon Hydra             Summ           0%         N/A       100%        7
 Sublimation of Blood     Necr           Unusable   N/A       N/A         2

Dungeon Overview and Level Annotations

Branches:
Dungeon (15/15)            Temple (1/1) D:4            Lair (6/6) D:9
  Swamp (0/4) Lair:3       Spider (0/4) Lair:4        Slime (0/5) Lair:6
    Orc (1/2) D:12        Ossuary (visited)           IceCv (visited)
 Vaults: D:13-14     Depths: D:15

Altars:
Ashenzari
Cheibriados
Dithmenos
Elyvilon
Fedhas
Gozag
Hepliaklqana
Kikubaaqudgha
Makhleb
Nemelex Xobeh
Okawaru
Qazlal
Ru
Sif Muna
Trog
Uskayaw
Vehumet
Wu Jian
Xom
Yredelemnul
Zin
The Shining One

Shops:
D:3 :   D:10 *?*((=   D:15 ?

Portals:
Abyss: Orc:1

Annotations:
D:4 exclusion: statue
D:5 4 runed translucent doors
D:9 1 runed translucent door
D:13 Sonja
D:15 Roxanne
Lair:4 3 runed translucent doors, suduhmizer's ghost, journeyman MiBe
Orc:1 2 transporters, sasquatch's ghost, journeyman DEFE


Innate Abilities, Weirdness & Mutations

You are immune to sickness and miasma.
Your stone body is resilient. (AC +11)
You are immune to poison.
Your large and strong wings let you fly.
You are dopey. (Int -2)
Your magical capacity is low. (-10% MP)
You resist negative energy. (rN+)
You occasionally shout uncontrollably at your foes.
You are resistant to electric shocks. (rElec)
You are resistant to unholy torment.
You are immune to petrification.
You cannot be stealthy.
You are somewhat unskilled. (-1 Apt)


Message History

The warg bites you but does no damage. The warg bites you.
The orc hits you with a +0 hand axe.
The orc warlord hits you with a +0 battleaxe.
The orc warrior hits you with a +0 scimitar!!
The orc priest looks braver for a moment.
The warg barely misses you.
The orc priest hits you from afar with a +0 trident.
You focus your inner power and illuminate the orc priest in retribution!
The orc sorcerer hits you but does no damage.
The warg bites you but does no damage. The orc hits you but does no damage.
The orc warlord hits you but does no damage.
The warg bites you but does no damage.
You redirect the orc warrior's attack!
The orc warrior closely misses the orc warlord.
The orc priest miscasts a cantrip.
The orc priest hits you but does no damage. x2
The orc sorcerer hits you but does no damage.
The warg bites you! The orc hits you but does no damage. The warg bites you.
The orc warlord hits you with a +0 battleaxe!
The orc warrior barely misses you.
The orc priest begins to pray, but is stunned by your conviction! x2
The warg bites you.
The orc priest mumbles some strange prayers to Beogh against you.
Beogh smites you!
* * * LOW HITPOINT WARNING * * *
The orc sorcerer hits you but does no damage.
The orc priest stops glowing.
The warg bites you but does no damage. The orc hits you but does no damage.
The orc warlord hits you but does no damage.
The warg barely misses you.
The orc warrior hits you with a +0 scimitar!!
* * * LOW HITPOINT WARNING * * *
The orc priest looks satisfied for a moment.
The orc priest hits you but does no damage.
The orc priest hits you from afar with a +0 trident.
* * * LOW HITPOINT WARNING * * *
The orc sorcerer hits you but does no damage.
The warg bites you.
You die...

##........... ###
.###............
##..##..#.#..#.#.......
#............###.#.....
##..........#(#...#....
##.....#................
#.......o............##.
#....o#h...............
#...oo@o3.#............
#...oooh.......#.......
#....oooo.......#.......
#......................<
##...........## ........
#.......>..... .......#
#.............. ........
##...$......... ........
......>.


You could see an orc warlord, a sun demon (summoned), 2 wargs, an orc sorcerer
(strong), an orc warrior (strong), 3 orc priests and 6 orcs.

Vanquished Creatures
  2 orc warlords (Orc:1)
  A reaper (IceCv)
  A dire elephant (Lair:6)
  Snorg (Lair:5)
  A catoblepas (Lair:6)
  4 boulder beetles
  9 hydras
  An ogre mage (D:14)
  5 death yaks (Lair:6)
  A two-headed ogre (shapeshifter) (D:14)
  2 death knights (D:15)
  2 centaur warriors
  3 two-headed ogres
  A deep troll shaman (Lair:6)
  A deep elf knight (D:14)
  A phantasmal warrior (D:15)
  A necromancer (D:14)
  A deep elf pyromancer (D:13)
  6 ugly things
  2 orc sorcerers (Orc:1)
  4 cyclopes
  2 wolf spiders (Lair:4)
  A manticore (D:14)
  Joseph (D:10)
  9 elephants (Lair:6)
  4 black mambas
  A gargoyle (D:11)
  A guardian serpent (Lair:3)
  3 orange demons (D:11)
  2 ice statues (IceCv)
  A torpor snail (Lair:2)
  15 cane toads
  4 freezing wraiths
  A rime drake (Lair:4)
  11 komodo dragons
  2 unseen horrors
  An entropy weaver simulacrum (IceCv)
  6 ice devils (IceCv)
  3 red devils (D:11)
  3 trolls
  A polar bear (Lair:6)
  2 jumping spiders (Lair:4)
  7 slime creatures
  19 dream sheep
  14 blink frogs
  A centaur simulacrum (D:14)
  A spriggan (D:10)
  A redback (Lair:4)
  2 wraiths
  2 wyverns
  30 yaks
  2 shadows
  A vampire (D:12)
  5 basilisks
  11 vampire mosquitoes
  A warg (Orc:1)
  A harpy simulacrum (IceCv)
  12 water moccasins
  3 acid dragons
  4 swamp worms (Lair:3)
  4 black bears
  16 orc warriors
  2 sky beasts
  2 ice beasts
  4 necrophages
  4 ogres
  4 wolves (Lair:6)
  5 centaurs
  8 bullfrogs
  A kobold brigand (D:9)
  2 gnoll sergeants (D:9)
  3 cane toad simulacra (IceCv)
  A two-headed ogre simulacrum (IceCv)
  11 scorpions
  A water moccasin zombie (D:6)
  An elephant simulacrum (IceCv)
  2 howler monkeys
  4 killer bees (D:11)
  An electric eel (Lair:1)
  4 centaur zombies
  A crimson imp (D:10)
  4 hounds
  11 orc priests
  A bullfrog skeleton (D:6)
  2 jellies (D:6)
  A centaur skeleton (D:4)
  3 human zombies (Ossuary)
  4 iguanas
  3 scorpion zombies (Ossuary)
  Natasha (thrice) (D:4)
  22 orc wizards
  2 spriggan simulacra (IceCv)
  4 hell rats (Lair:3)
  3 troll simulacra (IceCv)
  A wolf simulacrum (IceCv)
  3 killer bee zombies
  2 hound skeletons
  3 mummies (Ossuary)
  2 howler monkey skeletons (D:7)
  16 gnolls
  2 river rats (D:6)
  3 adders
  2 naga simulacra (IceCv)
  A shadow imp (D:7)
  16 white imps
  2 ufetubi (IceCv)
  An adder skeleton (D:4)
  4 dart slugs
  57 orcs
  5 ball pythons
  2 bats
  2 endoplasms
  2 giant cockroaches
  A gnoll zombie (Ossuary)
  3 hobgoblins
  4 jackals
  14 kobolds
  4 quokkas
  3 frilled lizards
  6 goblins
  2 goblin zombies (Ossuary)
  A hobgoblin zombie (Ossuary)
  2 kobold zombies (Ossuary)
  3 orc zombies (Ossuary)
  5 rats
  A butterfly (Lair:4)
560 creatures vanquished.

Vanquished Creatures (collateral kills)
  Jorgrun (D:15)
1 creature vanquished.

Vanquished Creatures (others)
  A two-headed ogre (D:12)
  An ugly thing (D:15)
  A cane toad (Lair:5)
  A blink frog (Lair:1)
  A centaur simulacrum (D:14)
  An orc warrior (D:12)
  An orc wizard (D:11)
  2 orcs (Orc:1)
  A giant cockroach (D:4)
  13 fungi
  23 plants
46 creatures vanquished.

Grand Total: 607 creatures vanquished

Notes
Turn   | Place    | Note
-------+----------+-------------------------------------------
     0 | D:1      | hilljack the Gargoyle Fighter began the quest for the Orb.
     0 | D:1      | Reached XP level 1. HP: 14/14 MP: 1/1
   348 | D:1      | Reached XP level 2. HP: 11/19 MP: 2/2
   480 | D:1      | Found a faded altar of an unknown god.
  1000 | D:1      | Reached XP level 3. HP: 22/23 MP: 3/3
  2101 | D:3      | Reached XP level 4. HP: 29/29 MP: 4/4
  2388 | D:3      | Reached skill level 1 in Dodging
  2543 | D:3      | Found Tuacsig's Book Emporium.
  3008 | D:3      | Reached XP level 5. HP: 30/33 MP: 5/5
  3185 | D:4      | Reached XP level 6. HP: 22/38 MP: 6/6
  3440 | D:4      | Found a staircase to the Ecumenical Temple.
  3465 | Temple   | Entered the Ecumenical Temple
  3713 | Temple   | Became a worshipper of Ru the Awakened
  3769 | D:4      | Found a radiant altar of Vehumet.
  3879 | D:4      | Noticed Natasha
  3890 | D:4      | Killed Natasha
  4080 | D:4      | Noticed Natasha
  4085 | D:4      | Killed Natasha
  4093 | D:4      | Noticed Natasha
  4106 | D:4      | Killed Natasha
  4364 | D:5      | Entered Level 5 of the Dungeon
  4523 | D:4      | Reached XP level 7. HP: 44/44 MP: 7/7
  4635 | D:4      | Reached skill level 5 in Armour
  4748 | D:4      | Reached skill level 5 in Shields
  5097 | D:5      | Reached skill level 5 in Fighting
  5167 | D:5      | Found an iron altar of Okawaru.
  5257 | D:5      | Found a large runed translucent door.
  5257 | D:5      | Found a large runed translucent door.
  5259 | D:5      | Noticed a troll
  5261 | D:5      | Noticed a yak
  5273 | D:5      | Killed a yak
  5274 | D:5      | Reached XP level 8. HP: 44/50 MP: 8/8
  5502 | D:5      | Found a large runed translucent door.
  5502 | D:5      | Found a large runed translucent door.
  5699 | D:5      | Found a glowing golden altar of the Shining One.
  5773 | D:5      | Found a sparkling altar of Nemelex Xobeh.
  5821 | D:5      | You fall into a shaft and drop 1 floor!
  5962 | D:6      | Reached skill level 5 in Maces & Flails
  6032 | D:6      | Reached XP level 9. HP: 33/55 MP: 9/9
  6576 | D:6      | Found a glowing drain.
  6712 | D:6      | Found a shimmering blue altar of Sif Muna.
  6714 | D:6      | You fall into a shaft and drop 1 floor!
  7094 | D:7      | Found a sand-covered staircase.
  7099 | Ossuary  | Entered an ossuary
  8058 | D:8      | Found a broken altar of Ashenzari.
  8064 | D:8      | Gained mutation: You are dopey. (Int -2) [Ru sacrifice]
  8255 | D:8      | Reached skill level 5 in Dodging
  8255 | D:8      | Reached XP level 10. HP: 54/63 MP: 10/10
  8798 | D:8      | Noticed a two-headed ogre
  8814 | D:8      | Killed a two-headed ogre
  9132 | D:9      | Noticed a two-headed ogre
  9141 | D:9      | Killed a two-headed ogre
  9179 | D:9      | Found a staircase to the Lair.
  9269 | D:9      | Noticed a centaur warrior
  9296 | D:9      | Killed a centaur warrior
  9506 | D:9      | Noticed a two-headed ogre
  9527 | D:9      | Killed a two-headed ogre
  9682 | D:9      | Noticed a kobold demonologist
  9693 | D:10     | Entered Level 10 of the Dungeon
  9693 | D:10     | Found Huosaf's Weapon Shoppe.
  9714 | D:9      | Reached XP level 11. HP: 49/69 MP: 11/11
  9826 | D:10     | Noticed Joseph
  9841 | D:10     | Killed Joseph
  9908 | D:10     | Found Sisivizo's Jewellery Emporium.
  9942 | D:10     | Found a blossoming altar of Fedhas.
 10072 | D:10     | Found Geisaj's Antique Weapon Shop.
 10309 | D:10     | Found Urphyaly's Changing Room.
 10310 | D:10     | Found Gohi's Magic Scroll Boutique.
 10318 | D:10     | Bought a scroll of blinking for 105 gold pieces
 10318 | D:10     | Bought a scroll of identify for 28 gold pieces
 10318 | D:10     | Bought a scroll of identify for 28 gold pieces
 10382 | D:10     | Found Ehomponu's General Store.
 10558 | Lair:1   | Entered Level 1 of the Lair of Beasts
 10664 | Lair:1   | Noticed a five-headed hydra
 10680 | Lair:1   | Killed a five-headed hydra
 10763 | Lair:1   | Gained mutation: You cannot be stealthy. [Ru sacrifice]
 10763 | Lair:1   | Reached * piety under Ru
 11897 | Lair:2   | Noticed a four-headed hydra
 11933 | Lair:2   | Reached skill level 10 in Armour
 11946 | Lair:2   | Reached XP level 12. HP: 37/77 MP: 12/12
 12007 | Lair:2   | Reached skill level 10 in Shields
 12030 | Lair:2   | Reached skill level 10 in Fighting
 12146 | Lair:2   | Killed a four-headed hydra
 13068 | Lair:3   | Noticed a boulder beetle
 13068 | Lair:3   | Noticed a boulder beetle
 13127 | Lair:2   | Killed a boulder beetle
 13207 | Lair:3   | Killed a boulder beetle
 13758 | Lair:3   | Noticed a five-headed hydra
 13768 | Lair:3   | Killed a five-headed hydra
 13769 | Lair:3   | Reached XP level 13. HP: 84/84 MP: 13/13
 13779 | Lair:3   | Found a staircase to the Swamp.
 13791 | Lair:3   | Reached skill level 10 in Maces & Flails
 13892 | Lair:3   | Found the +3 pair of seven-league boots {Rampage+∞}
 14139 | Lair:4   | Found a runed translucent gate.
 14140 | Lair:4   | Found a runed translucent gate.
 14141 | Lair:4   | Found a runed translucent gate.
 14201 | Lair:4   | Found a frozen archway.
 14244 | IceCv    | Entered an ice cave
 14592 | IceCv    | Noticed a reaper
 14626 | IceCv    | Killed a reaper
 14982 | Lair:4   | Noticed suduhmizer's ghost (journeyman MiBe)
 15324 | Lair:4   | Found a hole to the Spider Nest.
 15561 | Lair:5   | Noticed Snorg
 15572 | Lair:5   | Killed Snorg
 15752 | Lair:5   | Identified the +3 chain mail of Weiboimm {rElec rPois Str+4
                  | Slay-6}
 16151 | Lair:5   | Identified the +5 chain mail of Vafupny {rF++ Str+2 Dex-3
                  | SInv}
 16457 | Lair:6   | Entered Level 6 of the Lair of Beasts
 16472 | Lair:6   | Gained mutation: Your large and strong wings let you fly.
                  | [Gargoyle growth]
 16472 | Lair:6   | Reached XP level 14. HP: 92/92 MP: 14/14
 16550 | Lair:6   | Found a staircase to the Slime Pits.
 16826 | Lair:6   | Gained mutation: You are somewhat unskilled. (-1 Apt) [Ru
                  | sacrifice]
 16826 | Lair:6   | Reduced skill Maces & Flails to level 10
 16826 | Lair:6   | Reached ** piety under Ru
 17459 | Lair:6   | Noticed a dire elephant
 17491 | Lair:6   | Killed a dire elephant
 17845 | D:9      | Found a runed translucent door.
 17864 | D:9      | Identified the +7 quarterstaff of Turmoil {vorpal, rElec
                  | rF++ Int+2}
 18993 | D:12     | Gained mutation: Your magical capacity is low. (-10% MP)
                  | [Ru sacrifice]
 18993 | D:12     | Reached *** piety under Ru
 19181 | D:12     | Found a hazy altar of Hepliaklqana.
 19421 | D:12     | Found a staircase to the Orcish Mines.
 19440 | D:12     | You are sucked into a shaft and drop 3 floors!
 19440 | D:15     | Entered Level 15 of the Dungeon
 19442 | D:15     | Noticed Roxanne
 19451 | D:15     | Found Fuazut's Magic Scroll Boutique.
 19475 | D:15     | Noticed Jorgrun
 19523 | D:15     | Killed Jorgrun
 19524 | D:15     | Reached XP level 15. HP: 46/96 MP: 13/13
 20699 | D:13     | Gained mutation: You occasionally shout uncontrollably at
                  | your foes. [Ru sacrifice]
 20720 | D:13     | Found a snail-covered altar of Cheibriados.
 20735 | D:13     | Noticed Sonja
 21132 | Orc:1    | Entered Level 1 of the Orcish Mines
 21201 | Orc:1    | Noticed an orc warlord
 21213 | Orc:1    | Noticed an orc warlord
 21238 | Orc:1    | Killed an orc warlord
 21377 | Orc:1    | Noticed an orc warlord
 21387 | Orc:1    | Found a one-way gate to the infinite horrors of the Abyss.
 21397 | Orc:1    | Noticed sasquatch's ghost (journeyman DEFE)
 21581 | Orc:1    | Killed an orc warlord
 21757 | Orc:1    | Found a transporter.
 21758 | Orc:1    | Found a transporter.
 21924 | Orc:1    | Noticed an orc warlord
 21934 | Orc:1    | Paralysed by an orc sorcerer for 7 turns
 21940 | Orc:1    | HP: 2/112 [orc priest[an orc warlord] (5)]
 21940 | Orc:1    | Slain by a warg

Illustrated notes

Levels and vault maps discovered:
D:1:      grunt_arrival_lava_bath, layout_basic, ebering_ecumenical_altar_ruins,
          serial_forest, infiniplex_forest_lined_room_3,
          infiniplex_forest_straight_1, infiniplex_forest_clump_small,
          infiniplex_forest_straight_2, infiniplex_forest_lined_corner,
          infiniplex_forest_end_2, infiniplex_forest_lined_2,
          minmay_misc_feat_room
D:2:      layout_loops_ring
D:3:      layout_basic, serial_shops, shop_statue, minivault_5
D:4:      layout_cave_pools, vehumet_statue, minmay_temple_entry_steel_oval,
          uniq_natasha
D:5:      layout_cave_pools, mainiacjoe_overflow_cross_hatched,
          mainiacjoe_overflow_paths, nicolae_tso_carved_into_rock,
          minmay_hollow_rounded_squares, uniq_crazy_yiuf_cottage
D:6:      layout_loops_cross, kennysheep_mini, portal_sewer_entry_a
D:7:      layout_rooms, nicolae_ossuary_entry_plus
D:8:      layout_basic, ashenzari_altar_1
D:9:      layout_rooms, dpeg_oklobed_lair, minmay_st_funbox,
          supply_closet_lemuel, nrook_mini_vaults, nrook_campfire
D:10:     layout_roguey, kennysheep_little_box, serial_shops,
          nicolae_shop_behind_doors, shop, nicolae_shop_crystal,
          nicolae_stop_n_shop_1, nicolae_shop_waterfront,
          nicolae_transmutations_shop, hangedman_decor_diamond_cutter,
          chequers_serial_rivers_micro_a, hangedman_stone_soup,
          minmay_tree_intersection, uniq_joseph
D:11:     layout_loops_corners, minmay_beelzebubs_servants
D:12:     layout_loops_ring, hiddenorc2_lemuel, nicolae_hepliaklqana_hippocampus
D:13:     minmay_mutant_horseshoe, layout_cave_pools, david_vaults_5,
          cheibriados_altar_1, uniq_sonja
D:14:     layout_layer_cave, serial_park_gazebo [serial_park_minivault_5x5_7],
          minivault_28, uniq_rupert
D:15:     grunt_enter_depths_snipers, layout_basic, gauntlet_entry_generic,
          minmay_misc_feat_cross, serial_shops, shop, minmay_misc_feat_x,
          nicolae_lava_and_water, uniq_jorgrun, uniq_roxanne
Temple:   regret_index_temple_generic_petals
Lair:1:   layout_small_grid, chequers_serial_rivers_micro_e,
          serial_bayou_shore_a
Lair:2:   layout_small_grid, beast_lair_carwin_9
Lair:3:   layout_regular_city, palyth_hydra_swamp_entry,
          hellmonk_guarded_unrand_seven_league_boots
Lair:4:   layout_regular_city, spider_nest_entry_funnel_web,
          gammafunk_ghost_icy, portal_ice_cave_entry_imps, lemuel_fruit_fields
Lair:5:   layout_cave_pods, chequers_serial_rivers_micro_a, uniq_snorg
Lair:6:   grunt_lair_end_beastmaster, layout_regular_city, slime_dummy
Orc:1:    layout_caves, enter_bailey_4, gammafunk_ghost_abyssal_escape

Skill      XL: |  1  2  3  4  5  6  7  8  9 10 11 12 13 14 |
---------------+-------------------------------------------+-----
Armour         | 4 5 6 7 8 10 11 12 12 | 12.6
Dodging        | 1 2 3 5 6 7 8 9 9 |  9.6
Shields        | 4 5 6 7 8 9 11 12 12 | 12.6
Fighting       | 4 5 6 7 8 9 11 12 12 | 12.6
Maces & Flails | 3 4 5 6 7 8 9 10 11 | 11.5

Action                   |  1- 3 |  4- 6 |  7- 9 | 10-12 | 13-15 || total
-------------------------+-------+-------+-------+-------+-------++-------
Melee: Flail             |    57 |       |   230 |   243 |       ||   530
       Dagger            |    69 |   138 |   347 |       |       ||   554
       Morningstar       |       |       |       |   427 |  1449 ||  1876
Throw: Dart              |       |     5 |       |       |       ||     5
Invok: Sacrifice Purity  |       |       |     1 |       |     1 ||     2
       Sacrifice Stealth |       |       |       |     1 |       ||     1
       Reject Sacrifices |       |       |       |     1 |       ||     1
       Sacrifice Essence |       |       |       |       |     1 ||     1
       Sacrifice Skill   |       |       |       |       |     1 ||     1
       Draw Out Power    |       |       |       |       |     1 ||     1
Evoke: Wand              |       |    19 |    14 |    41 |     7 ||    81
  Use: Potion            |     2 |       |     2 |     1 |    11 ||    16
       Scroll            |     3 |     1 |    11 |     8 |    10 ||    33
 Stab: Invisible         |       |       |     4 |       |     5 ||     9
       Petrified         |       |       |       |       |     4 ||     4
       Petrifying        |       |       |       |       |     1 ||     1
Armor: Scale mail        |    73 |    88 |   335 |    66 |       ||   562
       Acid dragon scale |       |       |       |   260 |   135 ||   395
       Ice dragon scales |       |       |       |       |   624 ||   624
       Skin              |       |       |       |       |    22 ||    22
Dodge: Dodged            |    51 |    39 |   273 |   375 |  1070 ||  1808
Block: Kite shield       |    77 |    73 |   404 |   472 |  1104 ||  2130
